 Dungeon Crawl Stone Soup version 0.31.0-12-g77e489cdc1 (webtiles) character file.

Game seed: 2450505769940447578

58 Gadfly the Covered (level 3, -3/30 HPs)
             Began as an Armataur Fighter on Feb 28, 2024.
             Killed by divine providence
             ... invoked by an orc priest
              (10 damage)
             ... on level 3 of the Dungeon.
             The game lasted 00:05:06 (1596 turns).

Gadfly the Covered (Armataur Fighter)               Turns: 1596, Time: 00:05:06

Health: -3/30      AC: 23    Str: 21    XL:     3   Next: 75%
Magic:  3/3        EV: -1    Int:  8    God:
Gold:   75         SH:  5    Dex:  9    Spells: 2/2 levels left

rFire   . . .        b - +2 dagger (venom)
rCold   + + +        c - +1 buckler
rNeg    . . .        g - +1 crystal plate armour of Rotation {rC++ Will++ Dex-2}
rPois   .            (no helmet)
rElec   .            o - +2 cloak
rCorr   .            (no gloves)
SInv    .            j - +2 barding {rC+}
Will    ++...        e - amulet of the acrobat Stlth
                     (no ring)
HPRegen 0.25/turn    (no ring)
MPRegen 1.40/turn

%: acrobat, roll
@: no status effects
A: large, deformed body, tough skin 3, armoured tail, roll 1
a: no special abilities


You were on level 3 of the Dungeon.
You visited 1 branch of the dungeon, and saw 3 of its levels.

You collected 75 gold pieces.

Inventory:

Hand Weapons
 a - a +0 flail
 b - a +2 dagger of venom (weapon)
Armour
 c - a +1 buckler (worn)
 g - the +1 crystal plate armour of Rotation (worn) {rC++ Will++ Dex-2}
   (You acquired it on level 2 of the Dungeon)

   Dex-2:     It affects your dexterity (-2).
   rC++:      It greatly protects you from cold.
   Will++:    It greatly increases your willpower.
 i - a +0 scale mail
 j - a +2 barding of cold resistance (worn)
 o - a +2 cloak (worn)
Jewellery
 e - an amulet of the acrobat (around neck)
Potions
 d - a potion of might
 f - a potion of attraction
 h - 2 potions of curing
 k - a potion of haste
 m - a potion of mutation


   Skills:
 + Level 2.9 Fighting
 * Level 2.4 Maces & Flails
 + Level 3.8 Armour
 + Level 3.5 Shields
 * Level 1.3 Invocations
 * Level 1.3 Evocations


You had 2 spell levels left.
You didn't know any spells.
Your spell library was empty.

Dungeon Overview and Level Annotations

Branches:
Dungeon (3/15)

Altars:


Innate Abilities, Weirdness & Mutations

Armour fits poorly on your strangely shaped body.
You have extremely tough skin. (AC +3)
You have a long armoured tail.
You regenerate magic when rolling toward enemies. (Rampage MPRegen)


Message History

An orc comes into view. It is wielding a +0 dagger.
The orc shouts!
You hear a shout!
You roll towards the orc!
An orc priest comes into view. It is wielding a +0 short sword.
You hit the orc.
The orc is poisoned.
You tail-slap the orc.
You kill the orc!
You roll towards the orc!
You hit the orc but do no damage.
The orc is poisoned.
The orc hits you but does no damage.
You hit the orc. You tail-slap the orc.
You kill the orc!
The orc priest invokes the aid of Beogh against you.
Beogh smites you!
You roll towards the orc priest!
You block the orc priest's attack.
You closely miss the orc priest. You block the orc priest's attack.
You completely miss the orc priest.
The orc priest mumbles some strange prayers to Beogh against you.
Beogh smites you!
* * * LOW HITPOINT WARNING * * *
You are too injured to fight recklessly!
You are too injured to fight recklessly!
You are too injured to fight recklessly!
You are too injured to fight recklessly!
You are too injured to fight recklessly!
You are too injured to fight recklessly!
You are too injured to fight recklessly!
You are too injured to fight recklessly!
You are too injured to fight recklessly!
You are too injured to fight recklessly!
You are too injured to fight recklessly!
You are too injured to fight recklessly!
You are too injured to fight recklessly!
You are too injured to fight recklessly!
You are too injured to fight recklessly!
You are too injured to fight recklessly!
You are too injured to fight recklessly!
You hit the orc priest.
The orc priest is poisoned.
The orc priest is moderately wounded.
The orc priest mumbles some strange prayers to Beogh against you.
Beogh smites you!
You die...

#.#.##...#
#.#.##...##
#.........#
###.##.##.#
#.##.##.# #.
#.##.#
#.##.##)#
#......)####..#
####.##@.......
# #o.#.#..#
#.## .. .## ...
# .. #


You could see an orc priest (very poisoned).

Vanquished Creatures
  An adder (D:2)
  3 dart slugs
  A ribbon worm (D:2)
  2 orcs (D:3)
  A ball python (D:1)
  An endoplasm (D:2)
  3 giant cockroaches (D:1)
  7 goblins
  3 hobgoblins
  4 bats
  4 frilled lizards
  7 kobolds
  A rat (D:2)
38 creatures vanquished.

Notes
Turn   | Place    | Note
-------+----------+-------------------------------------------
     0 | D:1      | Gadfly the Armataur Fighter began the quest for the Orb.
     0 | D:1      | Reached XP level 1. HP: 18/18 MP: 1/1
     4 | D:1      | Noticed an elephant
   105 | D:1      | Reached XP level 2. HP: 24/25 MP: 2/2
   436 | D:1      | Noticed a black mamba
   719 | D:2      | Reached skill level 1 in Invocations
   719 | D:2      | Reached skill level 1 in Evocations
   836 | D:2      | Reached XP level 3. HP: 30/30 MP: 3/3
  1406 | D:2      | Identified 2 scrolls of acquirement
  1406 | D:2      | Acquired the +1 crystal plate armour of Rotation {rC++
                  | Will++ Dex-2}
  1409 | D:2      | Acquired a +2 barding of cold resistance
  1596 | D:3      | Killed from afar by an orc priest

Illustrated notes

Levels and vault maps discovered:
D:1:      sevenhm_arrival_forest_fort_small_2, layout_basic, serial_forest,
          infiniplex_forest_straight_3, infiniplex_forest_clump_large,
          infiniplex_forest_clump_small, infiniplex_forest_lined_3,
          infiniplex_forest_lined_room_, infiniplex_forest_end_1,
          infiniplex_forest_straight_5
D:2:      layout_loops_cross
D:3:      layout_loops_cross, gammafunk_temple_overflow_wave,
          minmay_starry_boxes

Skill      XL: |  1  2 |
---------------+-------+-----
Maces & Flails | 2 |  2.4
Invocations    | 1 |  1.3
Evocations     | 1 |  1.3
Fighting       | |  2.9
Armour         | |  3.8
Shields        | |  3.5

Action                     || total
---------------------------++-------
  Melee: Flail             ||    69
         Tailslap          ||     7
         Dagger            ||    38
    Use: Scroll            ||    11
         Potion            ||     1
 Armour: Scale mail        ||    60
         Crystal plate arm ||     3
  Dodge: Dodged            ||    31
  Block: Buckler           ||    19
